 Dungeon Crawl Stone Soup version 0.31-a0-1074-g0b22e4e0f1 (console) character file.

Game seed: 10411863087299131752

112607 jejorda2 the Cleaver (level 16, 0/129 HPs)
             Began as a Gnoll Berserker on Dec 8, 2023.
             Was a High Priest of Trog.
             Slain by a pharaoh ant (20 damage)
             ... on level 1 of the Spider Nest.
             The game lasted 01:20:52 (24042 turns).

jejorda2 the Cleaver (Gnoll Berserker)             Turns: 24042, Time: 01:20:53

Health: 0/129      AC: 29    Str: 22    XL:     16   Next: 60%
Magic:  31/31      EV:  8    Int: 11    God:    Trog [*****.]
Gold:   53         SH:  0    Dex: 13    Spells: 37/37 levels left

rFire   . . .        a - +4 battleaxe (flame)
rCold   . . .        (shield currently unavailable)
rNeg    . . .        D - +0 crystal plate armour
rPois   +            i - +2 helmet of the Black Moon {Rampage Will+ Int+3}
rElec   +            J - +2 cloak
rCorr   .            g - +0 pair of gloves of Pucoaps {*Slow rElec rPois Regen+}
SInv    .            t - +2 pair of boots
Will    ++...        H - amulet of the acrobat Stlth
                     c - +4 ring of slaying
HPRegen 1.21/turn    j - +4 ring of protection
MPRegen 0.22/turn

%: slow self (1%), acrobat, rampage
@: corroded, on berserk cooldown, slowed, very slow
A: fangs 1, strong nose, distributed training
a: Renounce Religion, Berserk, Trog's Hand, Brothers in Arms


You were on level 1 of the Spider Nest.
You worshipped Trog.
Trog was extremely pleased with you.
You visited 4 branches of the dungeon, and saw 23 of its levels.
You also visited: Gauntlet and Volcano.

You collected 2853 gold pieces.
You spent 2800 gold pieces at shops.

Inventory:

Hand Weapons
 a - a +4 battleaxe of flaming (weapon)
 b - the +12 spear "Cookie Cutter" {flame, Str+3 Dex+9}
   (You found it on level 12 of the Dungeon)

   Str+3:     It affects your strength (+3).
   Dex+9:     It affects your dexterity (+9).
 R - a +6 battleaxe
Missiles
 e - 52 poisoned darts (quivered)
 h - 5 boomerangs
 v - 2 throwing nets
 O - 6 silver javelins
Armour
 g - the +0 pair of gloves of Pucoaps (worn) {*Slow rElec rPois Regen+}
   (You found it on level 5 of the Dungeon)

   rElec:     It insulates you from electricity.
   rPois:     It protects you from poison Regen+: It increases your rate of
   health regeneration.
   *Slow:     It may slow you when you take damage.
 i - the +2 helmet of the Black Moon (worn) {Rampage Will+ Int+3}
   (You found it in a Gauntlet)

   Int+3:     It affects your intelligence (+3).
   Will+:     It increases your willpower.
   Rampage:   It bestows one free step when moving towards enemies.
 t - a +2 pair of boots (worn)
 D - a +0 crystal plate armour (worn)
 J - a +2 cloak (worn)
Jewellery
 c - a +4 ring of slaying (left hand)
 j - a +4 ring of protection (right hand)
 A - a ring of ice
 H - an amulet of the acrobat (around neck)
 K - a ring of resist corrosion
 T - a ring of protection from fire
Wands
 d - a wand of polymorph (6)
 s - a wand of mindburst (7)
 w - a wand of iceblast (30)
 B - a wand of paralysis (10)
 F - a wand of flame (33)
 V - a wand of acid (12)
Scrolls
 f - 3 scrolls of fear
 k - 10 scrolls of teleportation
 l - 3 scrolls of enchant weapon
 r - 2 scrolls of poison
 u - 2 scrolls of fog
 x - 5 scrolls of blinking
 C - a scroll of summoning
 M - 5 scrolls of immolation
 U - 6 scrolls of identify
Potions
 m - 12 potions of curing
 n - a potion of cancellation
 o - 4 potions of resistance
 p - 5 potions of heal wounds
 q - 3 potions of haste
 y - 5 potions of enlightenment
 z - 4 potions of ambrosia
 G - 3 potions of attraction
 L - 5 potions of might
 S - 2 potions of mutation
Miscellaneous
 E - a tin of tremorstones (2/2)
 P - a lightning rod (4/4)
 Q - a phial of floods


   Skills:
 + Level 12.9 Fighting
 + Level 11.2 Short Blades
 + Level 11.2 Long Blades
 + Level 12.9 Axes
 + Level 11.2 Maces & Flails
 + Level 11.2 Polearms
 + Level 11.2 Staves
 + Level 11.2 Ranged Weapons
 + Level 11.2 Throwing
 + Level 12.1 Armour
 + Level 12.1 Dodging
 + Level 11.2 Stealth
 + Level 11.2 Shields
 + Level 11.2 Unarmed Combat
 + Level 11.2 Spellcasting
 + Level 9.4 Conjurations
 + Level 9.4 Hexes
 + Level 9.4 Summonings
 + Level 9.4 Necromancy
 + Level 9.4 Translocations
 + Level 9.4 Transmutations
 + Level 9.4 Fire Magic
 + Level 9.4 Ice Magic
 + Level 9.4 Air Magic
 + Level 9.4 Earth Magic
 + Level 9.4 Poison Magic
 + Level 12.2 Invocations
 + Level 11.2 Evocations
 + Level 10.3 Shapeshifting


You had 37 spell levels left.
You didn't know any spells.
Your spell library was empty.

Dungeon Overview and Level Annotations

Branches:
Dungeon (15/15)            Temple (0/1) D:5            Lair (5/5) D:9
  Swamp (0/4) Lair:2       Spider (1/4) Lair:3        Slime (0/5) Lair:5
    Orc (2/2) D:12            Elf (0/3) Orc:2        Vaults (0/5) D:13
 Depths (0/4) D:15        Volcano (visited)         Gauntlet (visited)

Altars:
Ashenzari
Cheibriados
Dithmenos
Fedhas
Kikubaaqudgha
Makhleb
Okawaru
Qazlal
Ru
Sif Muna
Trog
Wu Jian
Xom
Yredelemnul
The Shining One

Shops:
D:1 (   D:3 =!   D:4 **[(   D:7 ([=:   D:12 [   D:14 !   Orc:2 **?(

Portals:
Hell: Lair:5
Trove: D:11 (give +2 shadow dragon scales)

Annotations:
D:12 3 runed translucent doors, particleface's ghost, journeyman OpBr
D:14 2 transporters, miscthings's ghost, adept DjCj
Lair:5 1 runed translucent door, wally255's ghost, journeyman MiFi


Innate Abilities, Weirdness & Mutations

You have very sharp teeth.
Your uncanny sense of smell can sniff out nearby items.
Your experience applies equally to all skills.


Message History

The bolt of acid hits the orb spider!!
The acid corrodes the orb spider!
You kill the orb spider!
Trog accepts your kill. The culicivora barely misses you.
The pharaoh ant bites you but does no damage.
The tarantella touches you but does no damage.
The culicivora bites you but does no damage.
The pharaoh ant bites you!! The tarantella touches you.
You are confused.
A torpor snail comes into view.
The culicivora bites you but does no damage.
The pharaoh ant bites you but does no damage.
The tarantella touches you.
The boulder beetle leaps!
The tarantella attacks as it pursues you!
The tarantella touches you.
* * * LOW HITPOINT WARNING * * *
The pharaoh ant bites you but does no damage.
The tarantella completely misses you. The pharaoh ant misses you.
The culicivora barely misses you. The tarantella closely misses you.
The pharaoh ant completely misses you.
Okay, then.
Unknown command.
Unknown command.
You feel better. The culicivora closely misses you. The tarantella touches you.
The pharaoh ant barely misses you. The culicivora bites you.
The culicivora draws strength from your injuries!
The tarantella touches you but does no damage.
The pharaoh ant bites you!
* * * LOW HITPOINT WARNING * * *
The boulder beetle curls into a ball and begins rolling!
Unknown command.
Unknown command.
Your troll goes berserk!
The culicivora bites you.
* * * LOW HITPOINT WARNING * * *
The culicivora draws strength from your injuries!
The tarantella touches you!
* * * LOW HITPOINT WARNING * * *
The pharaoh ant bites you!!
You die...

#######..# ...
.........## ....
...........# ....
............#.....
............#.....
............†.....
........T.w.# ..
.........sBs#..
........B.@#......
.........###.#....
......†.####.# ...
..!..........## ..
.........)...^##..
#.###............
# #...........^
#............
#.#..........


You could see a boulder beetle (rolling), a torpor snail, a culicivora
(corroded, ally target), a pharaoh ant, a tarantella and a friendly troll
(summoned, berserk).

Vanquished Creatures
  Gastronok (Lair:2)
  Kirke (D:14)
  Louise (D:14)
  A dire elephant (D:15)
  A minotaur (Gauntlet)
  An ettin (Orc:1)
  A yaktaur captain (D:13)
  An entropy weaver (Spider:1)
  8 hydras
  4 ogre magi
  2 catoblepae
  A hell beast (Gauntlet)
  16 two-headed ogres
  An alligator (Lair:4)
  3 boulder beetles
  7 centaur warriors
  A tengu warrior (D:14)
  2 occultists
  An orc high priest (Orc:1)
  A sun demon (Lair:5)
  3 fire crabs (Lair:4)
  5 skeletal warriors (D:15)
  A skyshark (Lair:2)
  An orb spider (Spider:1)
  2 deep trolls (Orc:2)
  2 deep elf archers
  A bog body (Lair:2)
  4 orc knights
  A wolf spider (D:15)
  7 ugly things
  Maurice (D:7)
  10 deep elf pyromancers
  An oklob plant (Gauntlet)
  3 orc sorcerers (Orc:1)
  11 cyclopes
  3 manticores
  A centaur zombie (D:9)
  3 elephants (Lair:5)
  Joseph (D:8)
  6 black mambas
  2 centaur skeletons (D:9)
  2 torpor snails (Lair:5)
  2 gargoyles
  2 cane toads (shapeshifter)
  An orange demon (Lair:5)
  Psyche (D:12)
  5 rime drakes (Lair:5)
  11 komodo dragons
  15 cane toads
  2 efreet
  2 freezing wraiths (D:13)
  6 yaktaurs
  Jeremiah (D:7)
  3 red devils (Lair:5)
  A queen bee (Gauntlet)
  12 trolls
  2 ice devils (Lair:5)
  A meliai (D:13)
  A wolf spider simulacrum (D:13)
  2 hellwings
  3 polar bears (Lair:4)
  17 blink frogs
  Prince Ribbit (D:5)
  A hornet (Lair:4)
  A meliai zombie (D:9)
  12 slime creatures
  2 jumping spiders (Spider:1)
  A jumping spider (shapeshifter) (D:15)
  3 culicivoras
  5 wyverns
  A culicivora (shapeshifter) (D:13)
  A yak (shapeshifter) (D:13)
  4 hogs (D:14)
  2 vampires
  7 fire elementals (Volcano)
  33 yaks
  Grum (D:8)
  2 basilisks
  3 steam dragons (Lair:4)
  A redback (Lair:3)
  3 vampire mosquitoes (D:15)
  A swamp worm (Lair:2)
  2 acid dragons
  7 hell hounds
  Edmund (D:5)
  Duvessa (D:5)
  15 water moccasins
  17 orc warriors
  A sky beast (D:4)
  2 black bears
  28 ogres
  12 wolves
  6 boggarts
  15 centaurs
  4 kobold brigands
  Blork the orc (D:5)
  A gnoll sergeant (D:10)
  19 bullfrogs
  3 scorpions
  14 wights
  Dowan (D:5)
  A hornet simulacrum (D:14)
  13 killer bees
  3 electric eels
  A vampire bat (D:5)
  7 howler monkeys
  A lava snake (D:8)
  Crazy Yiuf (D:3)
  2 hounds
  6 jellies
  10 orc priests
  6 iguanas
  21 orc wizards
  3 sleepcaps
  Natasha (thrice) (D:4)
  13 gnolls
  9 adders
  5 shadow imps
  3 white imps
  2 ufetubi (D:6)
  4 worms
  2 dart slugs
  3 fire bats (D:5)
  66 orcs
  2 spectral bats (D:5)
  14 bats
  3 bat skeletons (D:5)
  A bat zombie (D:5)
  9 endoplasms
  4 giant cockroaches
  7 goblins
  3 hobgoblins
  4 jackals (D:4)
  5 quokkas
  5 ball pythons
  A bat simulacrum (D:5)
  27 kobolds
  7 rats
728 creatures vanquished.

Vanquished Creatures (collateral kills)
  Lodul (D:14)
  4 ogres (D:14)
5 creatures vanquished.

Vanquished Creatures (others)
  A human (D:14)
1 creature vanquished.

Grand Total: 734 creatures vanquished

Notes
Turn   | Place    | Note
-------+----------+-------------------------------------------
     0 | D:1      | jejorda2 the Gnoll Berserker began the quest for the Orb.
     0 | D:1      | Reached XP level 1. HP: 23/23 MP: 1/1
   305 | D:1      | Reached XP level 2. HP: 29/29 MP: 2/2
   316 | D:1      | Found Immojuno's Antique Weapon Boutique.
   634 | D:1      | Found a faded altar of an unknown god.
   762 | D:2      | Reached XP level 3. HP: 28/35 MP: 3/3
   874 | D:2      | Reached ** piety under Trog
   875 | D:2      | Reached skill level 1 in Invocations
   921 | D:2      | Reached skill level 1 in Short Blades
   921 | D:2      | Reached skill level 1 in Long Blades
   921 | D:2      | Reached skill level 1 in Maces & Flails
   921 | D:2      | Reached skill level 1 in Polearms
   921 | D:2      | Reached skill level 1 in Staves
   921 | D:2      | Reached skill level 1 in Ranged Weapons
   921 | D:2      | Reached skill level 1 in Throwing
   921 | D:2      | Reached skill level 1 in Stealth
   921 | D:2      | Reached skill level 1 in Shields
   921 | D:2      | Reached skill level 1 in Unarmed Combat
   921 | D:2      | Reached skill level 1 in Spellcasting
   921 | D:2      | Reached skill level 1 in Evocations
  1066 | D:2      | You fall into a shaft and drop 2 floors!
  1066 | D:4      | Found a sacrificial altar of Ru.
  1133 | D:3      | Reached XP level 4. HP: 41/41 MP: 5/5
  1135 | D:3      | Reached skill level 1 in Shapeshifting
  1309 | D:3      | Identified the +0 plate armour "Oplen" {Str+2}
  1349 | D:3      | Found Cangoxesm's Distillery.
  1355 | D:3      | Bought a potion of curing for 36 gold pieces
  1442 | D:3      | Found a runed translucent door.
  1443 | D:3      | Noticed Crazy Yiuf
  1529 | D:3      | Found Unugupra's Jewellery Shop.
  1603 | D:3      | Identified the +2 rapier of Corruption {spect, Str+2}
  1700 | D:3      | Killed Crazy Yiuf
  1701 | D:3      | Reached skill level 1 in Conjurations
  1701 | D:3      | Reached skill level 1 in Hexes
  1701 | D:3      | Reached skill level 1 in Summonings
  1701 | D:3      | Reached skill level 1 in Necromancy
  1701 | D:3      | Reached skill level 1 in Translocations
  1701 | D:3      | Reached skill level 1 in Transmutations
  1701 | D:3      | Reached skill level 1 in Fire Magic
  1701 | D:3      | Reached skill level 1 in Ice Magic
  1701 | D:3      | Reached skill level 1 in Air Magic
  1701 | D:3      | Reached skill level 1 in Earth Magic
  1701 | D:3      | Reached skill level 1 in Poison Magic
  2025 | D:2      | Reached XP level 5. HP: 45/47 MP: 5/7
  2318 | D:4      | Found Zourghusm's Antique Armour Shoppe.
  2355 | D:4      | Found Ryneog's General Store.
  2363 | D:4      | Bought a scroll of identify for 28 gold pieces
  2382 | D:4      | Found Kuca's Assorted Antiques.
  2428 | D:4      | Bought a scroll labelled YPPIM HULEYHU for 20 gold pieces
  2428 | D:4      | Found Zuebrogg's Weapon Emporium.
  2528 | D:4      | Reached XP level 6. HP: 53/53 MP: 8/8
  2633 | D:4      | Found a snail-covered altar of Cheibriados.
  2643 | D:4      | Noticed Natasha
  2646 | D:4      | Found an ornate altar of the Wu Jian Council.
  2647 | D:4      | Found an ancient bone altar of Kikubaaqudgha.
  2650 | D:4      | Killed Natasha
  2651 | D:4      | Reached skill level 5 in Armour
  2651 | D:4      | Reached skill level 5 in Dodging
  2671 | D:4      | Noticed a sky beast
  2672 | D:4      | Noticed a wyvern
  2674 | D:4      | Found a transporter.
  2686 | D:4      | Found a transporter.
  3076 | D:4      | Killed a sky beast
  3080 | D:4      | Killed a wyvern
  3081 | D:4      | Reached XP level 7. HP: 60/60 MP: 10/10
  3126 | D:4      | Noticed Natasha
  3132 | D:4      | Killed Natasha
  3136 | D:4      | Found a transporter.
  3136 | D:4      | Found an ancient bone altar of Kikubaaqudgha.
  3155 | D:4      | Found a sacrificial altar of Ru.
  3200 | D:4      | Found Zourghusm's Antique Armour Shoppe.
  3225 | D:4      | Found Kuca's Assorted Antiques.
  3227 | D:4      | Found Zuebrogg's Weapon Emporium.
  3437 | D:4      | Noticed Natasha
  3443 | D:4      | Killed Natasha
  3461 | D:5      | Entered Level 5 of the Dungeon
  3550 | D:4      | Bought a glowing helmet for 150 gold pieces
  3596 | D:5      | Noticed Blork the orc
  3600 | D:5      | Killed Blork the orc
  3613 | D:5      | Reached *** piety under Trog
  3614 | D:5      | Reached XP level 8. HP: 54/67 MP: 12/12
  3671 | D:5      | Noticed Duvessa
  3672 | D:5      | Noticed Dowan
  3680 | D:5      | Killed Dowan
  3681 | D:5      | Killed Duvessa
  3898 | D:5      | Noticed a water elemental
  3903 | D:5      | Found a stormy altar of Qazlal.
  3907 | D:5      | Noticed an air elemental
  3971 | D:5      | Noticed Prince Ribbit
  3979 | D:5      | Killed Prince Ribbit
  4035 | D:5      | Noticed Edmund
  4042 | D:5      | Killed Edmund
  4278 | D:5      | Found a staircase to the Ecumenical Temple.
  4306 | D:5      | Found a blossoming altar of Fedhas.
  4315 | D:5      | Found a basalt altar of Yredelemnul.
  4405 | D:5      | Identified the +0 pair of gloves of Pucoaps {*Slow rElec
                  | rPois Regen+}
  4485 | D:5      | Reached XP level 9. HP: 72/73 MP: 14/14
  4906 | D:6      | Reached **** piety under Trog
  5362 | D:6      | Found a broken altar of Ashenzari.
  5715 | D:6      | Reached skill level 5 in Invocations
  5755 | D:7      | Found a shimmering blue altar of Sif Muna.
  5760 | D:7      | Found Aleij's Weapon Shoppe.
  5776 | D:7      | Noticed Jeremiah
  5907 | D:7      | Found a bloodstained altar of Trog.
  5940 | D:7      | Found a shimmering altar of Xom.
  5998 | D:7      | Noticed Maurice
  6036 | D:7      | Maurice stole the +2 rapier of Corruption {spect, Str+2}
  6038 | D:7      | Maurice stole a ring of resist corrosion
  6044 | D:7      | Killed Maurice
  6045 | D:7      | Reached XP level 10. HP: 59/80 MP: 17/17
  6142 | D:7      | Found Puotat's Book Boutique.
  6183 | D:7      | Found Tirph's Antique Armour Shop.
  6196 | D:7      | Reached skill level 5 in Short Blades
  6196 | D:7      | Reached skill level 5 in Long Blades
  6196 | D:7      | Reached skill level 5 in Maces & Flails
  6196 | D:7      | Reached skill level 5 in Polearms
  6196 | D:7      | Reached skill level 5 in Staves
  6196 | D:7      | Reached skill level 5 in Ranged Weapons
  6196 | D:7      | Reached skill level 5 in Throwing
  6196 | D:7      | Reached skill level 5 in Stealth
  6196 | D:7      | Reached skill level 5 in Shields
  6196 | D:7      | Reached skill level 5 in Unarmed Combat
  6196 | D:7      | Reached skill level 5 in Spellcasting
  6196 | D:7      | Reached skill level 5 in Evocations
  6213 | D:7      | Found Adyuxzuh's Jewellery Boutique.
  6291 | D:7      | Killed Jeremiah
  6435 | D:7      | Found a shadowy altar of Dithmenos.
  6833 | D:8      | Noticed Joseph
  6844 | D:8      | Killed Joseph
  7079 | D:8      | Noticed Grum
  7084 | D:8      | Reached skill level 5 in Shapeshifting
  7098 | D:8      | Killed Grum
  7729 | D:9      | Noticed a two-headed ogre
  7732 | D:9      | Killed a two-headed ogre
  7733 | D:9      | Reached skill level 5 in Conjurations
  7733 | D:9      | Reached skill level 5 in Hexes
  7733 | D:9      | Reached skill level 5 in Summonings
  7733 | D:9      | Reached skill level 5 in Necromancy
  7733 | D:9      | Reached skill level 5 in Translocations
  7733 | D:9      | Reached skill level 5 in Transmutations
  7733 | D:9      | Reached skill level 5 in Fire Magic
  7733 | D:9      | Reached skill level 5 in Ice Magic
  7733 | D:9      | Reached skill level 5 in Air Magic
  7733 | D:9      | Reached skill level 5 in Earth Magic
  7733 | D:9      | Reached skill level 5 in Poison Magic
  7733 | D:9      | Reached XP level 11. HP: 89/89 MP: 18/20
  7940 | D:9      | Found a staircase to the Lair.
  8485 | D:10     | Entered Level 10 of the Dungeon
  8609 | D:10     | Found an iron altar of Okawaru.
  8910 | D:10     | Reached ***** piety under Trog
  9376 | D:11     | Noticed a two-headed ogre
  9393 | D:11     | Killed a two-headed ogre
  9532 | D:11     | Noticed a cyclops
  9540 | D:11     | Killed a cyclops
  9747 | D:11     | Received a gift from Trog
  9817 | D:11     | Found a portal to a secret trove of treasure.
  9975 | D:11     | Noticed a manticore
  9979 | D:11     | Killed a manticore
 10256 | D:7      | Bought an amulet of the acrobat for 360 gold pieces
 10341 | D:12     | Noticed a two-headed ogre
 10346 | D:12     | Noticed a two-headed ogre
 10348 | D:12     | Noticed a deep elf pyromancer
 10351 | D:12     | Killed a two-headed ogre
 10352 | D:12     | Reached XP level 12. HP: 88/96 MP: 22/22
 10360 | D:11     | Killed a two-headed ogre
 10396 | D:12     | Noticed a centaur warrior
 10401 | D:12     | Killed a centaur warrior
 10454 | D:12     | Noticed a seven-headed hydra
 10456 | D:12     | Identified the +1 mace of the Mashing Gods {drain, Drain
                  | rC+ Will+ Dex+4}
 10466 | D:12     | Killed a seven-headed hydra
 10527 | D:12     | Noticed Psyche
 10538 | D:12     | Killed Psyche
 10559 | D:12     | Identified the +12 spear "Cookie Cutter" {flame, Str+3
                  | Dex+9}
 10588 | D:12     | Found Anooq's Antique Armour Boutique.
 10633 | D:12     | Found a runed translucent gate.
 10633 | D:12     | Found a runed translucent gate.
 10633 | D:12     | Found an iron altar of Okawaru.
 10633 | D:12     | Found a runed translucent gate.
 10633 | D:12     | Noticed a merfolk impaler
 10633 | D:12     | Noticed particleface's ghost (journeyman OpBr)
 10633 | D:12     | Noticed a merfolk javelineer
 10633 | D:12     | Noticed a tengu warrior
 10633 | D:12     | Noticed a naga warrior
 10634 | D:12     | Noticed a tengu warrior
 10748 | D:12     | Found a staircase to the Orcish Mines.
 11045 | Lair:1   | Entered Level 1 of the Lair of Beasts
 11055 | Lair:1   | Reached skill level 10 in Fighting
 11055 | Lair:1   | Reached skill level 10 in Axes
 11160 | Lair:1   | Found a dark tunnel.
 11175 | Volcano  | Entered a volcano
 11643 | Lair:1   | Reached XP level 13. HP: 104/104 MP: 23/25
 12615 | Lair:2   | Noticed Gastronok
 12632 | Lair:2   | Killed Gastronok
 12921 | Lair:2   | Found a staircase to the Swamp.
 13844 | Lair:3   | Found a hole to the Spider Nest.
 14200 | Lair:4   | Reached skill level 10 in Armour
 14200 | Lair:4   | Reached skill level 10 in Dodging
 14273 | Lair:4   | Received a gift from Trog
 14311 | Lair:4   | Reached XP level 14. HP: 59/113 MP: 25/27
 14447 | Lair:4   | Reached skill level 10 in Invocations
 15031 | Lair:5   | Entered Level 5 of the Lair of Beasts
 15473 | Lair:5   | Identified the +11 quick blade of Cowardice {heavy, Fragile
                  | rC+++ Will+++ MP-9} (Trog gifted it to you on level 5 of
                  | the Lair of Beasts)
 15473 | Lair:5   | Received a gift from Trog
 15491 | Lair:5   | Found a staircase to the Slime Pits.
 15792 | Lair:5   | Found a burning altar of Makhleb.
 15948 | Lair:5   | Found a gateway to Hell.
 16249 | Lair:5   | Found a runed translucent door.
 16252 | Lair:5   | Noticed wally255's ghost (journeyman MiFi)
 17065 | D:4      | Bought a phial of floods for 800 gold pieces
 17082 | D:4      | Bought a shimmering buckler for 294 gold pieces
 17082 | D:4      | Identified the +2 buckler of Voschu {rPois Stlth+} (You
                  | bought it in a shop on level 4 of the Dungeon)
 17332 | D:13     | Found a gate to the Vaults.
 17508 | D:13     | Reached XP level 15. HP: 86/120 MP: 28/28
 17733 | D:13     | Reached ****** piety under Trog
 17778 | D:13     | Reached skill level 10 in Short Blades
 17778 | D:13     | Reached skill level 10 in Long Blades
 17778 | D:13     | Reached skill level 10 in Maces & Flails
 17778 | D:13     | Reached skill level 10 in Polearms
 17778 | D:13     | Reached skill level 10 in Staves
 17778 | D:13     | Reached skill level 10 in Ranged Weapons
 17778 | D:13     | Reached skill level 10 in Throwing
 17778 | D:13     | Reached skill level 10 in Stealth
 17778 | D:13     | Reached skill level 10 in Shields
 17778 | D:13     | Reached skill level 10 in Unarmed Combat
 17778 | D:13     | Reached skill level 10 in Spellcasting
 17778 | D:13     | Reached skill level 10 in Evocations
 18112 | D:13     | Identified the +6 scale mail of Terror {rN+ Int+4 SInv}
 18231 | D:13     | Found a glowing golden altar of the Shining One.
 18265 | D:13     | Identified the +1 chain mail "Onecheru" {rF+}
 18533 | D:13     | Received a gift from Trog
 18884 | D:14     | Noticed Kirke
 18894 | D:14     | Killed Kirke
 18926 | D:14     | Noticed miscthings's ghost (adept DjCj)
 18942 | D:14     | Found a transporter.
 19184 | D:14     | Noticed Louise
 19199 | D:14     | Noticed Lodul
 19204 | D:14     | Killed Louise
 19212 | D:14     | Killed Lodul
 19336 | D:14     | Found Huafref's Distillery.
 19452 | D:14     | Found a transporter.
 20075 | D:4      | Bought a runed cloak for 232 gold pieces
 20311 | D:15     | Entered Level 15 of the Dungeon
 20326 | D:15     | Found a gate leading to a gauntlet.
 20394 | Gauntlet | Entered a Gauntlet
 20394 | Gauntlet | Found a transporter.
 20425 | Gauntlet | Found a transporter.
 20440 | Gauntlet | Found a transporter.
 20442 | Gauntlet | Found a large runed translucent door.
 20442 | Gauntlet | Found a large runed translucent door.
 20443 | Gauntlet | Found a large runed translucent door.
 20443 | Gauntlet | Found a large runed translucent door.
 20444 | Gauntlet | Found a large runed translucent door.
 20444 | Gauntlet | Found a large runed translucent door.
 20444 | Gauntlet | Found a runed translucent door.
 20444 | Gauntlet | Found a runed translucent door.
 20444 | Gauntlet | Found a large runed translucent door.
 20445 | Gauntlet | Found a transporter.
 20470 | Gauntlet | Found a transporter.
 20475 | Gauntlet | Found a large runed translucent door.
 20476 | Gauntlet | Found a large runed translucent door.
 20477 | Gauntlet | Found a large runed translucent door.
 20477 | Gauntlet | Found a large runed translucent door.
 20478 | Gauntlet | Found a runed translucent gate.
 20479 | Gauntlet | Found a transporter.
 20479 | Gauntlet | Found a runed translucent gate.
 20480 | Gauntlet | Found a runed translucent gate.
 20481 | Gauntlet | Found a large runed translucent door.
 20481 | Gauntlet | Found a large runed translucent door.
 20482 | Gauntlet | Found a large runed translucent door.
 20483 | Gauntlet | Found a large runed translucent door.
 20491 | Gauntlet | Found a transporter.
 20503 | Gauntlet | Found a transporter.
 20515 | Gauntlet | Found a transporter.
 20527 | Gauntlet | Found a transporter.
 20546 | Gauntlet | Found a transporter.
 20561 | Gauntlet | Found a transporter.
 20563 | Gauntlet | Found a transporter.
 20589 | Gauntlet | Found a transporter.
 20591 | Gauntlet | Found a transporter.
 20611 | Gauntlet | Found a transporter.
 20685 | Gauntlet | Found a large runed translucent door.
 20689 | Gauntlet | Found a transporter.
 20711 | Gauntlet | Found a transporter.
 20917 | Gauntlet | Identified the +2 helmet of the Black Moon {Rampage Will+
                  | Int+3}
 20999 | Gauntlet | Identified the +1 long sword "Kuriobb" {vamp, rElec rF++
                  | rC- Stlth+}
 21315 | D:15     | Reached XP level 16. HP: 129/129 MP: 30/30
 21843 | D:15     | Found a staircase to the Depths.
 22262 | D:4      | Bought a blackened lead wand for 80 gold pieces
 22480 | Orc:1    | Entered Level 1 of the Orcish Mines
 22506 | Orc:1    | Reached skill level 10 in Shapeshifting
 22528 | Orc:1    | Received a gift from Trog
 22742 | Orc:1    | You fall into a shaft and drop 1 floor!
 22742 | Orc:2    | Entered Level 2 of the Orcish Mines
 22756 | Orc:2    | Found a staircase to the Elven Halls.
 23181 | Orc:2    | Found Ekhluonke's Weapon Shop.
 23188 | Orc:2    | Found Hyfeefah's Magic Scroll Boutique.
 23255 | Orc:2    | Found Iseth's Assorted Antiques.
 23264 | Orc:2    | Found Etze's Assorted Antiques.
 23785 | D:4      | Bought a tin of tremorstones (2/2) for 800 gold pieces
 24003 | Spider:1 | Entered Level 1 of the Spider Nest
 24042 | Spider:1 | Slain by a pharaoh ant

Illustrated notes

Levels and vault maps discovered:
D:1:      minmay_arrival_cross, layout_basic, ebering_ecumenical_altar_box,
          serial_shops, nicolae_shop_stone, st_stairs_3, due_unseen_surprise
D:2:      wad_crossroads, layout_loops_ring
D:3:      layout_rooms, serial_shops, shop, shop, small_statue_intersection,
          uniq_crazy_yiuf_cottage
D:4:      layout_basic, mainiacjoe_overflow_catwalk, old_standard_altar,
          mainiacjoe_overflow_boulevard, gammafunk_temple_overflow_arena,
          serial_shops, shop, nicolae_shop_advertising_works
          [nicolae_subvault_shop_adworks], shop, shop, minivault_1, uniq_natasha
D:5:      layout_loops_ring, grunt_temple_overflow_open,
          nicolae_qazlal_style_of_elements, temple_green, hex_large,
          goddamned_bats, uniq_prince_ribbit1, uniq_duvessa, uniq_edmund,
          uniq_blork_the_orc
D:6:      layout_basic, cheibrodos_ashenzari_chains, minmay_bent
D:7:      layout_rooms, nicolae_overflow_hidden_temple, amcnicky_altar_gilded,
          mainiacjoe_overflow_surrounded_room,
          nicolae_dithmenos_through_a_glass_darkly, serial_shops,
          kennysheep_little_box, shop, shop, nicolae_shop_tiny_real_fake_doors,
          uniq_jeremiah, uniq_maurice
D:8:      layout_loops_ring, chequers_serial_rivers_large_a, kennysheep_dice,
          uniq_grum, uniq_joseph
D:9:      cheibrodos_grave_circle, layout_gridville, lair_entry_dummy,
          minivault_26, nrook_uturn, nrook_campfire
D:10:     layout_irregular_city, okawaru_ov_weapons_minmay
D:11:     layout_grid_maze, trove_entry_hex_spiral
D:12:     layout_cave_pools, orc_0_dummy, serial_shops,
          nicolae_shop_window_shopping, gammafunk_ghost_fury_of_okawaru,
          uniq_psyche
D:13:     minmay_swirls_squares, layout_loops_corners, david_vaults_2,
          tso_oasis_becter
D:14:     layout_stronghold, gammafunk_ghost_arena, serial_shops, shop,
          chequers_mini_garden, grunt_tough_drop, uniq_kirke, uniq_louise,
          uniq_lodul
D:15:     hangedman_depths_entry_try_elsewhere_first, layout_stronghold,
          gauntlet_entry_generic
Lair:1:   layout_misc_corridors, nicolae_volcano_entry_hallway,
          serial_bayou_pond_d, infiniplex_staircase_pool_2
Lair:2:   layout_gridlike, nicolae_swamp_entry_splash_gauntlet, uniq_gastronok
Lair:3:   layout_regular_city, spider_nest_entry_funnel_web,
          serial_bayou_shore_b
Lair:4:   layout_roguey, nicolae_lair_lakeside_cave, grunt_megastairs_1
Lair:5:   evil_forest, layout_gridlike, nicolae_slime_entry_field_trip,
          ebering_ghost_reflecting_pool
Spider:1: layout_chambers
Orc:1:    layout_caves, mines1_david
Orc:2:    st_orc_open, layout_caves, statue_in_the_mist_lemuel

Skill      XL: |  1  2  3  4  5  6  7  8  9 10 11 12 13 14 15 16 |
---------------+-------------------------------------------------+-----
Invocations    | 1 2 3 4 5 6 7 8 9 10 11 12 | 12.2
Short Blades   | 1 2 3 4 6 8 9 10 11 | 11.2
Long Blades    | 1 2 3 4 6 8 9 10 11 | 11.2
Maces & Flails | 1 2 3 4 6 8 9 10 11 | 11.2
Polearms       | 1 2 3 4 6 8 9 10 11 | 11.2
Staves         | 1 2 3 4 6 8 9 10 11 | 11.2
Ranged Weapons | 1 2 3 4 6 8 9 10 11 | 11.2
Throwing       | 1 2 3 4 6 8 9 10 11 | 11.2
Stealth        | 1 2 3 4 6 8 9 10 11 | 11.2
Shields        | 1 2 3 4 6 8 9 10 11 | 11.2
Unarmed Combat | 1 2 3 4 6 8 9 10 11 | 11.2
Spellcasting   | 1 2 3 4 6 8 9 10 11 | 11.2
Evocations     | 1 2 3 4 6 8 9 10 11 | 11.2
Shapeshifting  | 1 2 3 4 5 6 7 8 9 10 | 10.3
Conjurations   | 1 2 3 4 5 6 7 8 9 |  9.4
Hexes          | 1 2 3 4 5 6 7 8 9 |  9.4
Summonings     | 1 2 3 4 5 6 7 8 9 |  9.4
Necromancy     | 1 2 3 4 5 6 7 8 9 |  9.4
Translocations | 1 2 3 4 5 6 7 8 9 |  9.4
Transmutations | 1 2 3 4 5 6 7 8 9 |  9.4
Fire Magic     | 1 2 3 4 5 6 7 8 9 |  9.4
Ice Magic      | 1 2 3 4 5 6 7 8 9 |  9.4
Air Magic      | 1 2 3 4 5 6 7 8 9 |  9.4
Earth Magic    | 1 2 3 4 5 6 7 8 9 |  9.4
Poison Magic   | 1 2 3 4 5 6 7 8 9 |  9.4
Armour         | 5 6 7 8 9 10 11 12 | 12.1
Dodging        | 5 6 7 8 9 10 11 12 | 12.1
Fighting       | 7 8 9 10 11 12 | 12.9
Axes           | 7 8 9 10 11 12 | 12.9

Action                     |  1- 3 |  4- 6 |  7- 9 | 10-12 | 13-15 | 16-18 || total
---------------------------+-------+-------+-------+-------+-------+-------++-------
  Melee: Hand axe          |    77 |    25 |    26 |       |       |       ||   128
         Bite              |     3 |     9 |    27 |    65 |   136 |    34 ||   274
         Rapier            |       |    72 |   185 |       |       |       ||   257
         Punch             |       |       |     4 |     8 |    73 |    11 ||    96
         Morningstar       |       |       |    34 |       |       |       ||    34
         War axe           |       |       |    24 |    63 |       |       ||    87
         Battleaxe         |       |       |       |   294 |    91 |   144 ||   529
         Spear             |       |       |       |   128 |   945 |   129 ||  1202
         Trident           |       |       |       |     9 |       |       ||     9
  Throw: Dart              |     1 |       |     2 |    19 |    52 |    19 ||    93
         Boomerang         |       |       |       |     2 |     6 |       ||     8
         Throwing net      |       |       |       |     2 |       |       ||     2
 Invoke: Berserk           |       |     2 |     8 |     4 |    11 |     3 ||    28
         Trog's Hand       |       |     1 |     3 |     5 |     6 |     1 ||    16
         Brothers in Arms  |       |       |       |       |     1 |     1 ||     2
  Evoke: Wand              |       |       |     4 |     2 |     2 |     1 ||     9
    Use: Scroll            |       |     3 |    14 |    10 |     4 |       ||    31
         Potion            |       |       |     1 |     1 |       |     1 ||     3
   Stab: Paralysed         |       |       |       |     2 |       |       ||     2
         Petrifying        |       |       |       |       |     1 |       ||     1
 Armour: Animal skin       |    12 |       |       |       |       |       ||    12
         Ring mail         |    13 |       |       |       |       |       ||    13
         Scale mail        |     8 |     6 |       |       |       |       ||    14
         Plate armour      |       |    50 |   297 |   407 |       |       ||   754
         Chain mail        |       |     1 |       |       |       |       ||     1
         Crystal plate arm |       |       |       |   205 |   694 |   282 ||  1181
  Dodge: Dodged            |    34 |    47 |   147 |   278 |   299 |   137 ||   942

Table legend: (Time is in decaauts)
 A = Elapsed time spent in this place.
 B = Non-inter-level travel time spent in this place.
 C = Inter-level travel time spent in this place.
 D = Time resting spent in this place.
 E = Time spent auto-exploring this place.
 F = Levels seen in this place.
 G = Mean time per level.
                   A        B        C        D        E       F      G
               +--------+--------+--------+--------+--------+-----+--------+
         Total |  24019 |  20841 |   3178 |   1723 |  14468 |  25 |  960.8 |
       Dungeon |  16735 |  13823 |   2912 |    861 |   9982 |  15 | 1115.7 |
          Lair |   5061 |   4879 |    182 |    568 |   3382 |   5 | 1012.2 |
   Spider Nest |     36 |     36 |      0 |      0 |      5 |   1 |   36.0 |
  Orcish Mines |   1069 |    987 |     82 |     15 |    679 |   2 |  534.5 |
       Volcano |    375 |    375 |      0 |    171 |     43 |   1 |  375.0 |
      Gauntlet |    739 |    739 |      0 |    107 |    376 |   1 |  739.0 |
               +--------+--------+--------+--------+--------+-----+--------+

Top non-repeatable levels by time:
     D:4: 1601 daAuts
     D:5: 1527 daAuts
    D:13: 1486 daAuts
  Lair:5: 1375 daAuts
     D:6: 1266 daAuts
    D:14: 1261 daAuts
     D:8: 1259 daAuts
    D:11: 1171 daAuts
     D:7: 1168 daAuts
  Lair:4: 1139 daAuts
     D:9: 1108 daAuts
    D:10: 1014 daAuts
  Lair:2: 966 daAuts
    D:15: 926 daAuts
  Lair:3: 884 daAuts
